 Dungeon Crawl Stone Soup version 0.23.2-30-g0e89c35649 (webtiles) character file.

Game seed: 12424353247741343724

21200 Alter the Blocker (level 12, -10/97 HPs)
             Began as a Gnoll Fighter on May 25, 2019.
             Was the Champion of Okawaru.
             Mangled by a tyrant leech (21 damage)
             ... in a Gauntlet on June 9, 2019.
             The game lasted 00:42:06 (13801 turns).

Alter the Blocker (Gnoll Fighter)                  Turns: 13801, Time: 00:42:06

Health: -10/97     AC: 22    Str: 29    XL:     12   Next: 87%
Magic:  23/23      EV: 12    Int: 11    God:    Okawaru [******]
Gold:   735        SH: 15    Dex: 18    Spells: 26/26 levels left

rFire    . . .     SeeInvis .   N - +7 falchion "Impbane" {slice, +Rage Dex+4}
rCold    + . .     Gourm    .   c - +0 shield
rNeg     . . .     Faith    .   j - +2 plate armour
rPois    .         Spirit   .   k - +0 helmet
rElec    .         Reflect  +   d - +0 cloak
rCorr    +         Harm     .   F - +0 pair of gloves (curse)
MR       .....     NoTele   +   r - +0 pair of boots of Refuge {rC+ rCorr}
Stlth    ..........             g - +2 amulet of reflection
HPRegen  0.26/turn              w - +3 ring of slaying
MPRegen  0.18/turn              (no ring)

@: mighty
A: distributed training, fangs 1, strong nose
a: Heroism, Finesse, Renounce Religion, Evoke Berserk Rage


You were in a Gauntlet.
You worshipped Okawaru.
Okawaru was exalted by your worship.
You were not hungry.

You visited 3 branches of the dungeon, and saw 15 of its levels.
You also visited: Gauntlet.

You collected 735 gold pieces.

Inventory:

Hand Weapons
 a - a +3 war axe
 q - the +4 rapier "Lisod" {drain, rElec MP+9 Str+3 Int-4}
   (Okawaru gifted it to you on level 2 of the Lair of Beasts)

   A truly terrible weapon, it drains the life of those it strikes.
   It affects your strength (+3).
   It affects your intelligence (-4).
   It insulates you from electricity.
   It affects your magic capacity (+9).
 L - a +0 war axe of venom
 N - the +7 falchion "Impbane" (weapon) {slice, +Rage Dex+4}
   (You found it on level 5 of the Lair of Beasts)

   It inflicts extra damage upon your enemies.
   It affects your dexterity (+4).
   It lets you go berserk.
Armour
 b - a +0 scale mail
 c - a +0 shield (worn)
 d - a +0 cloak (worn)
 j - a +2 plate armour (worn)
 k - a +0 helmet (worn)
 r - the +0 pair of boots of Refuge (worn) {rC+ rCorr}
   (You found it on level 4 of the Dungeon)

   It protects you from cold.
   It provides partial protection from all sources of acid and corrosion.
 F - a cursed +0 pair of gloves (worn)
 J - a +3 ring mail of positive energy
Jewellery
 g - a +2 amulet of reflection (around neck)
 o - an uncursed amulet of harm
 t - an uncursed ring of positive energy
 u - a +3 ring of dexterity
 w - a +3 ring of slaying (left hand)
 z - a cursed -6 ring of dexterity
 C - an uncursed ring of protection from fire {unknown}
 D - an uncursed ring of protection from fire {unknown}
Wands
 x - a wand of clouds (3)
 y - a wand of iceblast (15)
 E - a wand of random effects (13)
 H - a wand of polymorph (6)
 K - a wand of acid (10)
Scrolls
 e - 4 scrolls of blinking
 h - 5 scrolls of remove curse
 n - 3 scrolls of magic mapping
 p - 4 scrolls of fog
 G - a scroll of vulnerability {unknown}
 I - a scroll of amnesia
 M - a scroll of enchant weapon
Potions
 i - a potion of might
 l - 3 potions of flight
 m - a potion of brilliance
 s - 4 potions of curing
 v - a potion of haste
 B - 3 potions of agility
Miscellaneous
 A - a phantom mirror
Comestibles
 f - 25 rations


   Skills:
 + Level 10.0 Fighting
 + Level 7.5 Short Blades
 + Level 7.5 Long Blades
 + Level 8.9 Axes
 + Level 7.5 Maces & Flails
 + Level 7.5 Polearms
 + Level 7.5 Staves
 + Level 7.5 Slings
 + Level 7.5 Bows
 + Level 7.5 Crossbows
 + Level 7.5 Throwing
 + Level 10.0 Armour
 + Level 7.5 Dodging
 + Level 7.5 Stealth
 + Level 10.0 Shields
 + Level 7.5 Unarmed Combat
 + Level 7.5 Spellcasting
 + Level 6.3 Conjurations
 + Level 6.3 Hexes
 + Level 6.3 Charms
 + Level 6.3 Summonings
 + Level 6.3 Necromancy
 + Level 6.3 Translocations
 + Level 6.3 Transmutations
 + Level 6.3 Fire Magic
 + Level 6.3 Ice Magic
 + Level 6.3 Air Magic
 + Level 6.3 Earth Magic
 + Level 6.3 Poison Magic
 + Level 8.3 Invocations
 + Level 7.5 Evocations


You had 26 spell levels left.
You didn't know any spells.
Your spell library contained the following spells:

 Spells                   Type           Power        Failure   Level  Hunger
 Animate Skeleton         Necr           N/A          19%         1    None
 Apportation              Tloc           ###...       19%         1    None
 Confusing Touch          Hex            ###...       19%         1    None
 Magic Dart               Conj           ###.         19%         1    None
 Sandblast                Erth           ###...       19%         1    None
 Summon Small Mammal      Summ           ###.         19%         1    None
 Passwall                 Tmut/Erth      ###.....     26%         2    #......
 Searing Ray              Conj           ###...       26%         2    #......
 Confuse                  Hex            ###.....     47%         3    ###....
 Dazzling Spray           Conj/Hex       ###...       47%         3    ###....
 Gell's Gravitas          Tloc           ###.......   47%         3    ###....
 Stone Arrow              Conj/Erth      ###...       47%         3    ###....
 Force Lance              Conj/Tloc      ###.....     87%         4    ####...
 Fulminant Prism          Conj/Hex       ###.......   87%         4    ####...
 Iskenderun's Mystic Bla  Conj           ###.....     87%         4    ####...
 Petrify                  Tmut/Erth      ###.....     87%         4    ####...
 Lee's Rapid Deconstruct  Erth           ###.......   99%         5    ######.
 Metabolic Englaciation   Hex/Ice        ###.......   99%         5    ######.
 Yara's Violent Unravell  Hex/Tmut       ###.......   99%         5    ######.


Dungeon Overview and Level Annotations

Branches:
Dungeon (8/15)             Temple (1/1) D:4            Lair (6/6) D:8
 Shoals (0/4) Lair:3       Spider (0/4) Lair:4        Slime (0/5) Lair:5

Altars:
Ashenzari
Cheibriados
Dithmenos
Elyvilon
Fedhas
Gozag
Hepliaklqana
Kikubaaqudgha
Makhleb
Nemelex Xobeh
Okawaru
Qazlal
Ru
Sif Muna
Trog
Uskayaw
Vehumet
Wu Jian
Xom
Yredelemnul
Zin
The Shining One

Annotations:
Gauntlet 7 transporters


Innate Abilities, Weirdness & Mutations

Your experience applies equally to all skills.
You have very sharp teeth.
Your uncanny sense of smell can sniff out nearby items.


Message History

You block the swamp worm's attack. The swamp worm bites you!
* * * LOW HITPOINT WARNING * * *
You slice the swamp worm!!
The swamp worm is severely wounded.
The swamp worm bites you.
* * * LOW HITPOINT WARNING * * *
The tyrant leech bites you but does no damage.
You closely miss the swamp worm.
The swamp worm is severely wounded.
You block the swamp worm's attack.
You closely miss the swamp worm. You bite the swamp worm!
You kill the swamp worm!
Okawaru accepts your kill. The tyrant leech bites you!
* * * LOW HITPOINT WARNING * * *
The tyrant leech draws strength from your injuries!
You slash the tyrant leech! Your bite misses the tyrant leech.
The tyrant leech is moderately wounded.
The tyrant leech bites you!!
You die...

#....#..###.....#..#..JJJJ.#..#h
#...©#..#########..#########..##
#....#.∩........................
#....#..........................
#...©#..###########..###########
#....#..#ww.......#..#.......^.#
#..###..#w.##.##..#..#.#^....#.#
... #≈..#=#..#..#.#..#..##.##..#
#. ##..#.#..#©@#.####..##.##..#
#≈..#©.#####w.#©©#©.#.©.#..#
##..#$#..#..#.####..##.##..#
#≈..#$#..#..#.#..#..##.##..#
##§§#..##.##..#..#.#^....#.#
#§§.#.........#..#.........#
##..###########..###########
#§.....§....................
##....§§........§§..........


You could see a tyrant leech.

Vanquished Creatures
  A death ooze (Gauntlet)
  4 hydras
  A large abomination (Gauntlet)
  2 black mambas
  3 komodo dragons
  5 spiny frogs
  A rime drake (Lair:1)
  A polar bear (Lair:5)
  A hornet (Lair:4)
  3 blink frogs (Lair:1)
  A hippogriff (Lair:2)
  A snapping turtle (Lair:3)
  4 wyverns
  30 yaks
  A vampire mosquito (Lair:4)
  2 basilisks
  2 swamp worms (Gauntlet)
  2 insubstantial wisps (Lair:4)
  3 wargs
  7 water moccasins
  4 porcupines
  3 phantoms
  An orc warrior (D:7)
  A sky beast (D:7)
  2 black bears (D:7)
  A necrophage (D:7)
  7 ogres
  6 wolves
  A centaur (D:7)
  9 crocodiles
  Blork the orc (D:4)
  5 small abominations (Gauntlet)
  A big kobold (D:7)
  6 bullfrogs
  A wyvern skeleton (D:6)
  A water moccasin skeleton (D:6)
  7 scorpions
  3 killer bees (D:7)
  5 wights (D:6)
  2 electric eels (Lair:3)
  3 bullfrog zombies
  4 crimson imps
  4 orc priests
  2 jellies
  A bullfrog skeleton (D:4)
  5 hounds
  6 orc wizards
  An iguana (D:4)
  A gnoll shaman (D:5)
  4 worker ants
  A hound zombie (D:6)
  2 adders
  9 gnolls
  2 shadow imps
  An ooze (D:1)
  An adder zombie (D:7)
  An adder skeleton (D:6)
  3 worms
  3 dart slugs (D:1)
  5 leopard geckos
  30 orcs
  A ball python (D:5)
  4 bats
  5 giant cockroaches
  4 goblins
  2 hobgoblins (D:3)
  5 jackals
  9 kobolds
  A quokka (D:7)
  3 frilled lizards
  A jackal zombie (D:7)
  A leopard gecko zombie (D:7)
  A quokka zombie (D:5)
  6 rats
  A plant (Lair:4)
275 creatures vanquished.

Vanquished Creatures (others)
  A vampire mosquito (Lair:4)
  A centaur (D:6)
  4 demonic plants (Gauntlet)
  2 fungi (Lair:2)
  2 plants
10 creatures vanquished.

Grand Total: 285 creatures vanquished

Notes
Turn   | Place    | Note
-------+----------+-------------------------------------------
     0 | D:1      | Alter the Gnoll Fighter began the quest for the Orb.
     0 | D:1      | Reached XP level 1. HP: 23/23 MP: 1/1
   175 | D:1      | Reached XP level 2. HP: 24/29 MP: 2/2
   320 | D:1      | Reached XP level 3. HP: 31/35 MP: 3/3
   401 | D:1      | Reached skill level 1 in Invocations
  1210 | D:2      | Reached skill level 1 in Short Blades
  1210 | D:2      | Reached skill level 1 in Long Blades
  1210 | D:2      | Reached skill level 1 in Maces & Flails
  1210 | D:2      | Reached skill level 1 in Polearms
  1210 | D:2      | Reached skill level 1 in Staves
  1210 | D:2      | Reached skill level 1 in Slings
  1210 | D:2      | Reached skill level 1 in Bows
  1210 | D:2      | Reached skill level 1 in Crossbows
  1210 | D:2      | Reached skill level 1 in Throwing
  1210 | D:2      | Reached skill level 1 in Dodging
  1210 | D:2      | Reached skill level 1 in Stealth
  1210 | D:2      | Reached skill level 1 in Unarmed Combat
  1210 | D:2      | Reached skill level 1 in Spellcasting
  1210 | D:2      | Reached skill level 1 in Evocations
  1385 | D:2      | Reached XP level 4. HP: 41/41 MP: 5/5
  1804 | D:3      | Found an ancient bone altar of Kikubaaqudgha.
  1882 | D:3      | Found a white marble altar of Elyvilon.
  1988 | D:3      | Reached skill level 1 in Conjurations
  1988 | D:3      | Reached skill level 1 in Hexes
  1988 | D:3      | Reached skill level 1 in Charms
  1988 | D:3      | Reached skill level 1 in Summonings
  1988 | D:3      | Reached skill level 1 in Necromancy
  1988 | D:3      | Reached skill level 1 in Translocations
  1988 | D:3      | Reached skill level 1 in Transmutations
  1988 | D:3      | Reached skill level 1 in Fire Magic
  1988 | D:3      | Reached skill level 1 in Ice Magic
  1988 | D:3      | Reached skill level 1 in Air Magic
  1988 | D:3      | Reached skill level 1 in Earth Magic
  1988 | D:3      | Reached skill level 1 in Poison Magic
  1997 | D:3      | Reached XP level 5. HP: 23/47 MP: 6/6
  2128 | D:4      | Noticed a phantom
  2160 | D:4      | Killed a phantom
  2160 | D:4      | Reached XP level 6. HP: 24/53 MP: 8/8
  2161 | D:4      | Noticed Blork the orc
  2432 | D:4      | Found a staircase to the Ecumenical Temple.
  2443 | Temple   | Entered the Ecumenical Temple
  2668 | Temple   | Became a worshipper of Warmaster Okawaru
  2710 | D:4      | Got a pair of polished boots
  2723 | D:4      | Killed Blork the orc
  2723 | D:4      | Reached skill level 5 in Axes
  2733 | D:4      | Identified the +0 pair of boots of Refuge {rC+ rCorr} (You
                  | found it on level 4 of the Dungeon)
  2828 | D:4      | Reached XP level 7. HP: 54/59 MP: 10/10
  2904 | D:4      | Found a basalt altar of Yredelemnul.
  2905 | D:4      | Noticed a profane servitor
  2918 | D:4      | Found a glowing golden altar of the Shining One.
  2920 | D:4      | Noticed an angel
  3072 | D:4      | Found a shadowy altar of Dithmenos.
  3228 | D:5      | Entered Level 5 of the Dungeon
  3243 | D:5      | Reached * piety under Okawaru
  3550 | D:5      | Found a radiant altar of Vehumet.
  3801 | D:5      | Reached XP level 8. HP: 67/67 MP: 12/12
  3826 | D:5      | Reached ** piety under Okawaru
  4035 | D:5      | Found a sacrificial altar of Ru.
  4272 | D:6      | Reached XP level 9. HP: 69/72 MP: 14/14
  4276 | D:6      | Found a bloodstained altar of Trog.
  4290 | D:6      | Reached *** piety under Okawaru
  4845 | D:7      | Found a bloodstained altar of Trog.
  4860 | D:7      | Reached **** piety under Okawaru
  4869 | D:7      | Reached skill level 5 in Invocations
  5487 | D:7      | Reached XP level 10. HP: 55/80 MP: 17/17
  5736 | D:8      | Received a gift from Okawaru
  5755 | D:8      | Found a deep blue altar of Sif Muna.
  5829 | D:8      | Noticed a two-headed ogre
  5834 | D:8      | Received a gift from Okawaru
  5834 | D:8      | Reached skill level 5 in Short Blades
  5834 | D:8      | Reached skill level 5 in Long Blades
  5834 | D:8      | Reached skill level 5 in Maces & Flails
  5834 | D:8      | Reached skill level 5 in Polearms
  5834 | D:8      | Reached skill level 5 in Staves
  5834 | D:8      | Reached skill level 5 in Slings
  5834 | D:8      | Reached skill level 5 in Bows
  5834 | D:8      | Reached skill level 5 in Crossbows
  5834 | D:8      | Reached skill level 5 in Throwing
  5834 | D:8      | Reached skill level 5 in Dodging
  5834 | D:8      | Reached skill level 5 in Stealth
  5834 | D:8      | Reached skill level 5 in Unarmed Combat
  5834 | D:8      | Reached skill level 5 in Spellcasting
  5834 | D:8      | Reached skill level 5 in Evocations
  5840 | D:8      | Found a staircase to the Lair.
  6190 | D:7      | HP: 4/81 [orc wizard/+0 dagger (1)]
  6714 | Lair:1   | Entered Level 1 of the Lair of Beasts
  6779 | Lair:1   | Upgraded the game from 0.23.2-1-ga50397a to
                  | 0.23.2-30-g0e89c35649
  6827 | Lair:1   | Received a gift from Okawaru
  7012 | Lair:1   | Noticed a spiny frog
  7019 | Lair:1   | Killed a spiny frog
  7239 | Lair:1   | Received a gift from Okawaru
  7787 | Lair:2   | Reached XP level 11. HP: 55/87 MP: 19/19
  7916 | Lair:1   | Reached ***** piety under Okawaru
  8369 | Lair:2   | Reached skill level 5 in Conjurations
  8369 | Lair:2   | Reached skill level 5 in Hexes
  8369 | Lair:2   | Reached skill level 5 in Charms
  8369 | Lair:2   | Reached skill level 5 in Summonings
  8369 | Lair:2   | Reached skill level 5 in Necromancy
  8369 | Lair:2   | Reached skill level 5 in Translocations
  8369 | Lair:2   | Reached skill level 5 in Transmutations
  8369 | Lair:2   | Reached skill level 5 in Fire Magic
  8369 | Lair:2   | Reached skill level 5 in Ice Magic
  8369 | Lair:2   | Reached skill level 5 in Air Magic
  8369 | Lair:2   | Reached skill level 5 in Earth Magic
  8369 | Lair:2   | Reached skill level 5 in Poison Magic
  8516 | Lair:2   | Received a gift from Okawaru
  9273 | Lair:2   | Received a gift from Okawaru
  9278 | Lair:2   | Got a pitted rapier {god gift}
  9282 | Lair:2   | Identified the +4 rapier "Lisod" {drain, rElec MP+9 Str+3
                  | Int-4} (Okawaru gifted it to you on level 2 of the Lair of
                  | Beasts)
 10061 | Lair:3   | Found a staircase to the Shoals.
 10393 | Lair:3   | Reached XP level 12. HP: 72/96 MP: 22/22
 10878 | Lair:4   | Noticed an eight-headed hydra
 10889 | Lair:4   | Killed an eight-headed hydra
 10889 | Lair:4   | Reached ****** piety under Okawaru
 11088 | Lair:4   | Received a gift from Okawaru
 11115 | Lair:4   | Found a hole to the Spider Nest.
 11214 | Lair:4   | Noticed a seven-headed hydra
 11227 | Lair:4   | Killed a seven-headed hydra
 11849 | Lair:5   | Noticed a seven-headed hydra
 11854 | Lair:5   | Noticed a four-headed hydra
 11860 | Lair:5   | Killed a seven-headed hydra
 11867 | Lair:5   | Killed a four-headed hydra
 12144 | Lair:5   | Found a staircase to the Slime Pits.
 12706 | Lair:5   | Got an ichor-stained falchion
 12712 | Lair:5   | Identified the +7 falchion "Impbane" {slice, +Rage Dex+4}
                  | (You found it on level 5 of the Lair of Beasts)
 13501 | Lair:6   | Entered Level 6 of the Lair of Beasts
 13505 | Lair:6   | Noticed a five-headed hydra
 13508 | Lair:6   | Noticed a five-headed hydra
 13510 | Lair:6   | Found a gate leading to a gauntlet.
 13517 | Gauntlet | Entered a Gauntlet
 13517 | Gauntlet | Found a transporter.
 13517 | Gauntlet | Found a transporter.
 13538 | Gauntlet | Found a transporter.
 13539 | Gauntlet | Found a transporter.
 13542 | Gauntlet | Noticed a death ooze
 13549 | Gauntlet | Found a transporter.
 13551 | Gauntlet | Found a transporter.
 13567 | Gauntlet | Found a transporter.
 13587 | Gauntlet | Found a transporter.
 13590 | Gauntlet | Noticed an entropy weaver
 13604 | Gauntlet | Found a transporter.
 13605 | Gauntlet | Found a transporter.
 13612 | Gauntlet | Found a transporter.
 13615 | Gauntlet | Found a transporter.
 13707 | Gauntlet | Killed a death ooze
 13729 | Gauntlet | Reached skill level 10 in Fighting
 13729 | Gauntlet | Reached skill level 10 in Armour
 13729 | Gauntlet | Reached skill level 10 in Shields
 13801 | Gauntlet | Mangled by a tyrant leech

Skill      XL: |  1  2  3  4  5  6  7  8  9 10 11 12 |
---------------+-------------------------------------+-----
Invocations    | 1 2 3 4 5 6 7 8 |  8.3
Short Blades   | 1 2 3 4 5 6 7 |  7.5
Long Blades    | 1 2 3 4 5 6 7 |  7.5
Maces & Flails | 1 2 3 4 5 6 7 |  7.5
Polearms       | 1 2 3 4 5 6 7 |  7.5
Staves         | 1 2 3 4 5 6 7 |  7.5
Slings         | 1 2 3 4 5 6 7 |  7.5
Bows           | 1 2 3 4 5 6 7 |  7.5
Crossbows      | 1 2 3 4 5 6 7 |  7.5
Throwing       | 1 2 3 4 5 6 7 |  7.5
Dodging        | 1 2 3 4 5 6 7 |  7.5
Stealth        | 1 2 3 4 5 6 7 |  7.5
Unarmed Combat | 1 2 3 4 5 6 7 |  7.5
Spellcasting   | 1 2 3 4 5 6 7 |  7.5
Evocations     | 1 2 3 4 5 6 7 |  7.5
Conjurations   | 1 2 3 4 5 6 |  6.3
Hexes          | 1 2 3 4 5 6 |  6.3
Charms         | 1 2 3 4 5 6 |  6.3
Summonings     | 1 2 3 4 5 6 |  6.3
Necromancy     | 1 2 3 4 5 6 |  6.3
Translocations | 1 2 3 4 5 6 |  6.3
Transmutations | 1 2 3 4 5 6 |  6.3
Fire Magic     | 1 2 3 4 5 6 |  6.3
Ice Magic      | 1 2 3 4 5 6 |  6.3
Air Magic      | 1 2 3 4 5 6 |  6.3
Earth Magic    | 1 2 3 4 5 6 |  6.3
Poison Magic   | 1 2 3 4 5 6 |  6.3
Axes           | 5 6 7 8 |  8.9
Fighting       | 7 8 9 10 | 10.0
Armour         | 7 8 9 10 | 10.0
Shields        | 7 8 9 10 | 10.0

Action                   |  1- 3 |  4- 6 |  7- 9 | 10-12 || total
-------------------------+-------+-------+-------+-------++-------
Melee: War axe           |    65 |   136 |   294 |   290 ||   785
       Bite              |     7 |    19 |    37 |   105 ||   168
       Rapier            |       |       |       |   246 ||   246
       Falchion          |       |       |       |    51 ||    51
  Use: Scroll            |       |       |    17 |    11 ||    28
       Potion            |       |       |     5 |     8 ||    13
  Eat: Chunk             |       |     6 |     9 |    25 ||    40
       Ration            |       |       |       |     1 ||     1
Armor: Plate armour      |    37 |    70 |   174 |   345 ||   626
       Scale mail        |     2 |       |       |       ||     2
Dodge: Dodged            |     7 |    19 |    85 |   245 ||   356
Block: Shield            |    42 |    68 |   215 |   551 ||   876
       Reflection        |       |       |     9 |       ||     9
       Rpst.: Falchion   |       |       |       |     2 ||     2
